 Dungeon Crawl Stone Soup version 0.16-a0-3544-gf6bfca6 (webtiles) character file.

291 ConnectionFaild the Covert (level 6, 0/28 HPs)
             Began as a Spriggan Enchanter on Jan 10, 2015.
             Slain by an orc
             ... wielding a +0 morningstar
              (8 damage)
             ... on level 4 of the Dungeon.
             The game lasted 00:11:53 (4659 turns).

ConnectionFaild the Covert (Spriggan Enchanter)     Turns: 4659, Time: 00:11:54

Health: 0/28       AC:  5    Str:  4    XL:     6   Next: 10%
Magic:  17/17      EV: 18    Int: 17    God:
Gold:   157        SH:  0    Dex: 18    Spells: 3 memorised, 4 levels left

rFire  . . .     SeeInvis +     a - +1 dagger
rCold  . . .     Clarity  .     b - +1 robe
rNeg   . . .     SustAb   .     (shield restricted)
rPois  .         Gourm    .     (helmet restricted)
rElec  .         Spirit   .     x - +1 cloak
rCorr  .         Warding  .     (gloves unavailable)
rMut   .         Stasis   .     (boots unavailable)
MR     +....                    (no amulet)
Stlth  +++++.....               (no ring)
                                (no ring)

@: very quick, somewhat resistant to hostile enchantments, quite stealthy
A: unfitting armour, see invisible, herbivore 3, speed 3, slow metabolism 2
a: no special abilities


You were on level 4 of the Dungeon.
You were not hungry.

You visited 1 branch of the dungeon, and saw 5 of its levels.
You also visited: Sewer.

You collected 157 gold pieces.

Inventory:

Hand weapons
 a - a +1 dagger (weapon)
Armour
 b - a +1 robe (worn)
 x - a +1 cloak (worn)
Magical devices
 n - a wand of paralysis (7)
Scrolls
 h - 3 scrolls of blinking
 i - a scroll of amnesia {unknown}
 j - 2 scrolls of enchant armour
 l - 3 scrolls of noise
 o - a scroll of remove curse {unknown}
 p - 2 scrolls of fear
 s - a scroll of recharging {unknown}
Potions
 e - a potion of resistance
 f - 2 potions of curing {unknown}
 g - 2 potions of heal wounds
 k - 2 potions of poison {unknown}
 q - 3 potions of might {unknown}
 r - 2 potions of haste {unknown}
 t - a potion of lignification {unknown}
 u - a potion of agility {unknown}
 v - a potion of restore abilities
 w - a potion of beneficial mutation {unknown}
Books
 c - a book of Maledictions

   Spells                             Type                      Level
   a - Corona                         Hexes                        1
   b - Sure Blade                     Hexes/Charms                 2
   c - Ensorcelled Hibernation        Hexes/Ice                    2
   d - Confuse                        Hexes                        3
   e - Dazzling Spray                 Conjuration/Hexes            3
   f - Enslavement                    Hexes                        4
Comestibles
 d - 2 bread rations
 m - 5 fruits


   Skills:
 - Level 1.1 Short Blades
 - Level 3.0 Dodging
 + Level 8.3 Stealth
 - Level 2.6 Spellcasting
 + Level 6.3 Hexes


You had 4 spell levels left.
You knew the following spells:

 Your Spells              Type           Power        Failure   Level  Hunger
a - Corona                Hex            ###....      1%          1    #......
b - Ensorcelled Hibernat  Hex/Ice        ##....       10%         2    ##.....
c - Confuse               Hex            ###.....     6%          3    ###....


Dungeon Overview and Level Annotations

Branches:
Dungeon (5/15)
 Temple: D:4-7

Altars:
Qazlal


Innate Abilities, Weirdness & Mutations

You are tiny and cannot use many weapons and most armour.
You have supernaturally acute eyesight.
You are a herbivore.
You cover ground extremely quickly.
You need consume almost no food.


Message History

The orc completely misses you.
You hit the orc.
The orc is severely wounded.
The orc closely misses you.
You hit the orc but do no damage.
The orc is severely wounded.
The orc hits you with a mace.
You hit the orc.
You kill the orc!
You hit the orc.
The orc is moderately wounded.
The orc barely misses you.
You barely miss the orc.
The orc is moderately wounded.
The orc hits you with a morningstar.
* * * LOW HITPOINT WARNING * * *
You closely miss the orc.
The orc is moderately wounded.
The orc hits you with a morningstar!
You die...

#....o.ol........
#####...l########....
#........+ ...
#......o.###### .
#.............#
#####'#.#####.# #.#.#
#.#######
#.#[#####o##....#####
#.#>รท....lo@.........
#.##########....#####
#.# #....# #.# #....#
#.# #....# #.# #....#
###'####### ######
#.........#
#.........#


You could see an iguana and 2 orcs.

Vanquished Creatures
  2 hounds (D:4)
  An orc priest (D:3)
  A worker ant (D:5)
  7 adders
  A river rat (Sewer)
  3 giant mites
  A worm (D:4)
  2 giant geckos (D:3)
  11 orcs
  3 giant cockroaches
  8 goblins
  5 hobgoblins
  3 jackals (D:3)
  3 quokkas
  3 ball pythons
  5 bats
  10 giant newts
  2 kobolds (D:3)
  11 rats
82 creatures vanquished.

Notes
Turn   | Place    | Note
--------------------------------------------------------------
     0 | D:1      | ConnectionFaild, the Spriggan Enchanter, began the quest for the Orb.
     0 | D:1      | Reached XP level 1. HP: 9/9 MP: 4/4
   370 | D:1      | Reached skill level 5 in Stealth
   380 | D:2      | Reached XP level 2. HP: 10/13 MP: 7/7
   910 | D:3      | Found a glowing drain.
   911 | D:3      | Reached XP level 3. HP: 16/16 MP: 9/9
   943 | D:3      | Reached skill level 6 in Stealth
  1055 | Sewer    | Entered a sewer
  1292 | Sewer    | Learned a level 3 spell: Confuse
  1324 | Sewer    | Learned a level 2 spell: Ensorcelled Hibernation
  1639 | Sewer    | Reached XP level 4. HP: 10/21 MP: 12/12
  2009 | Sewer    | Reached skill level 5 in Hexes
  2560 | D:2      | Reached skill level 7 in Stealth
  2953 | D:3      | Found a stormy altar of Qazlal.
  3078 | D:3      | Reached XP level 5. HP: 14/24 MP: 14/14
  3521 | D:4      | HP: 1/24 [orc/whip (3)]
  4311 | D:4      | Reached skill level 8 in Stealth
  4397 | D:5      | Entered Level 5 of the Dungeon
  4417 | D:4      | Reached XP level 6. HP: 12/28 MP: 17/17
  4616 | D:4      | HP: 1/28 [orc/mace (5)]
  4659 | D:4      | Slain by an orc

Action                   |  1- 3 |  4- 6 || total
-------------------------+-------+-------++-------
Melee: Dagger            |   123 |   309 ||   432
 Cast: Confuse           |     1 |     1 ||     2
       Ensorcelled Hiber |       |     3 ||     3
  Use: Potion            |       |     2 ||     2
       Scroll            |       |     6 ||     6
 Stab: Sleeping          |     9 |    16 ||    25
       Confused          |     1 |     1 ||     2
  Eat: Bread ration      |       |     1 ||     1
